TOP OF THE 1ST |
Scranton Supernovas batting - Pitching for Bloomington Longnecks : RHP Fernando Ramírez
|
Pitching: RHP Fernando Ramírez
|
|
Batting: RHB Arturo Maldonado
|
0-0: Ground out 4-3 (Groundball, 4)
|
Batting: RHB Pedro Rivera
|
0-0: Foul Ball, location: 2F 0-1: Swinging Strike 0-2: Ball 1-2: Foul Ball, location: 2F 1-2: Fly out, F8 (Flyball, 8LM)
|
Batting: LHB Tony Vega
|
0-0: Ball 1-0: Ball 2-0: Ball 3-0: Base on Balls
|
Batting: RHB Arturo Rochel
|
0-0: Ball 1-0: Ball 2-0: Called Strike 2-1: Swinging Strike 2-2: Fly out, F8 (Flyball, 8LS)
|
Top of the 1st over - 0 run(s), 0 hit(s), 0 error(s), 1 left on base; Scranton 0 - Bloomington 0 |
BOTTOM OF THE 1ST |
Bloomington Longnecks batting - Pitching for Scranton Supernovas : RHP Roberto Calderón
|
Pitching: RHP Roberto Calderón
|
|
Batting: LHB John Ennis
|
0-0: Ball 1-0: Swinging Strike 1-1: Ball 2-1: Swinging Strike 2-2: Foul Ball, location: 2F 2-2: Strikes out swinging
|
Batting: LHB Gabriel Díaz
|
0-0: Swinging Strike 0-1: Called Strike 0-2: Strikes out swinging
|
Batting: RHB Darrell Terwey
|
0-0: Called Strike 0-1: Ball 1-1: Ball 2-1: Ball 3-1: Base on Balls
|
Batting: LHB Ray Anderson
|
0-0: Ball 1-0: Ball 2-0: SINGLE (Groundball, 25) (infield hit) Darrell Terwey to second
|
Batting: RHB Micheal Murdoch
|
0-0: Called Strike 0-1: Ball 1-1: Ball 2-1: Foul Ball, location: 2F 2-2: Fly out, F7 (Flyball, 7)
|
Bottom of the 1st over - 0 run(s), 1 hit(s), 0 error(s), 2 left on base; Scranton 0 - Bloomington 0 |
TOP OF THE 2ND |
Scranton Supernovas batting - Pitching for Bloomington Longnecks : RHP Fernando Ramírez
|
Batting: SHB Alonso Solís
|
0-0: Ball 1-0: Foul Ball, location: 2F 1-1: Ball 2-1: Swinging Strike 2-2: Strikes out swinging
|
Batting: RHB Xavier Águila
|
0-0: Called Strike 0-1: Ball 1-1: Foul Ball, location: 2F 1-2: Ball 2-2: Foul Ball, location: 2F 2-2: Foul Ball, location: 2F 2-2: Ground out 6-3 (Groundball, 6MD)
|
Batting: RHB Henrique Shearman
|
0-0: Ground out 4-3 (Groundball, 4D)
|
Top of the 2nd over - 0 run(s), 0 hit(s), 0 error(s), 0 left on base; Scranton 0 - Bloomington 0 |
BOTTOM OF THE 2ND |
Bloomington Longnecks batting - Pitching for Scranton Supernovas : RHP Roberto Calderón
|
Batting: RHB Aurelio Vázquez
|
0-0: Ball 1-0: Foul Ball, location: 2F 1-1: Ball 2-1: Ball 3-1: SINGLE (Groundball, 4MD)
|
Batting: RHB Roberto Alonzo
|
0-0: Ball 1-0: Fly out, F9 (Flyball, 9S)
|
Batting: RHB Bubba Blevins
|
0-0: Called Strike 0-1: Ball 1-1: Ball 2-1: Fielders Choice at 2nd, 1-6 (Groundball, 13)
|
Batting: RHB Grady Walkinshaw
|
0-0: Ball 1-0: Called Strike 1-1: Called Strike 1-2: Fly out, F9 (Flyball, 89D)
|
Bottom of the 2nd over - 0 run(s), 1 hit(s), 0 error(s), 1 left on base; Scranton 0 - Bloomington 0 |
TOP OF THE 3RD |
Scranton Supernovas batting - Pitching for Bloomington Longnecks : RHP Fernando Ramírez
|
Batting: RHB Keith MacKey
|
0-0: Ball 1-0: Ball 2-0: Foul Ball, location: 2F 2-1: Foul Ball, location: 2F 2-2: Foul Ball, location: 2F 2-2: Foul Ball, location: 2F 2-2: Foul Ball, location: 2F 2-2: Ground out 6-3 (Groundball, 6)
|
Batting: RHB Marty Hayden
|
0-0: Ball 1-0: Called Strike 1-1: Called Strike 1-2: SINGLE (Groundball, 34D)
|
Batting: RHB Arturo Maldonado
|
0-0: Ball 1-0: Called Strike 1-1: Fly out, F9 (Flyball, 89M)
|
Batting: RHB Pedro Rivera
|
0-0: SINGLE (Flyball, 89S) Marty Hayden to second Runner from 2nd tries for 3rd, SAFE, no throw
|
Batting: LHB Tony Vega
|
0-0: Foul Ball, location: 2F 0-1: Ball 1-1: Foul Ball, location: 2F 1-2: Foul Ball, location: 2F 1-2: Ball 2-2: Fly out, F8 (Flyball, 8LM)
|
Top of the 3rd over - 0 run(s), 2 hit(s), 0 error(s), 2 left on base; Scranton 0 - Bloomington 0 |
BOTTOM OF THE 3RD |
Bloomington Longnecks batting - Pitching for Scranton Supernovas : RHP Roberto Calderón
|
Batting: LHB John Ennis
|
0-0: Ball 1-0: Called Strike 1-1: Foul Ball, location: 2F 1-2: Fly out, F9 (Flyball, 9)
|
Batting: LHB Gabriel Díaz
|
0-0: Fly out, F7 (Flyball, 7S)
|
Batting: RHB Darrell Terwey
|
0-0: Ball 1-0: SINGLE (Groundball, 56D)
|
Batting: LHB Ray Anderson
|
0-0: Ball 1-0: Fly out, F6 (Popup, 6D)
|
Bottom of the 3rd over - 0 run(s), 1 hit(s), 0 error(s), 1 left on base; Scranton 0 - Bloomington 0 |
TOP OF THE 4TH |
Scranton Supernovas batting - Pitching for Bloomington Longnecks : RHP Fernando Ramírez
|
Batting: RHB Arturo Rochel
|
0-0: Ball 1-0: Called Strike 1-1: Foul Ball, location: 2F 1-2: Strikes out swinging, 2-3 out at first.
|
Batting: SHB Alonso Solís
|
0-0: Ball 1-0: Foul Ball, location: 2F 1-1: Ground out 6-3 (Groundball, 6)
|
Batting: RHB Xavier Águila
|
0-0: Fly out, F3 (Popup, 3)
|
Top of the 4th over - 0 run(s), 0 hit(s), 0 error(s), 0 left on base; Scranton 0 - Bloomington 0 |
BOTTOM OF THE 4TH |
Bloomington Longnecks batting - Pitching for Scranton Supernovas : RHP Roberto Calderón
|
Batting: RHB Micheal Murdoch
|
0-0: Ball 1-0: Foul Ball, location: 2F 1-1: Ball 2-1: Foul Ball, location: 2F 2-2: Strikes out swinging
|
Batting: RHB Aurelio Vázquez
|
0-0: Ball 1-0: Ball 2-0: Foul Ball, location: 2F 2-1: Ground out 5-3 (Groundball, 56)
|
Batting: RHB Roberto Alonzo
|
0-0: Called Strike 0-1: Ball 1-1: Called Strike 1-2: Ball 2-2: SINGLE (Line Drive, 56)
|
Batting: RHB Bubba Blevins
|
0-0: SINGLE (Line Drive, 78S) Roberto Alonzo to second
|
Batting: RHB Grady Walkinshaw
|
0-0: Foul Ball, location: 2F 0-1: Swinging Strike 0-2: Ball 1-2: Ball 2-2: Ball 3-2: Strikes out swinging
|
Bottom of the 4th over - 0 run(s), 2 hit(s), 0 error(s), 2 left on base; Scranton 0 - Bloomington 0 |
TOP OF THE 5TH |
Scranton Supernovas batting - Pitching for Bloomington Longnecks : RHP Fernando Ramírez
|
Batting: RHB Henrique Shearman
|
0-0: Called Strike 0-1: Ground out 5-3 (Groundball, 2L)
|
Batting: RHB Keith MacKey
|
0-0: Ball 1-0: Called Strike 1-1: Fly out, F7 (Flyball, 7S)
|
Batting: RHB Marty Hayden
|
0-0: Called Strike 0-1: Ball 1-1: Reached on error, E5 (Groundball, 56)
|
Batting: RHB Arturo Maldonado
|
0-0: Ball 1-0: SINGLE (Line Drive, 4MD) Marty Hayden to second
|
Batting: RHB Pedro Rivera
|
0-0: Ball 1-0: Foul Ball, location: 2F 1-1: Ball 2-1: Ball 3-1: Called Strike 3-2: Fly out, F9 (Flyball, 9LS)
|
Top of the 5th over - 0 run(s), 1 hit(s), 1 error(s), 2 left on base; Scranton 0 - Bloomington 0 |
BOTTOM OF THE 5TH |
Bloomington Longnecks batting - Pitching for Scranton Supernovas : RHP Roberto Calderón
|
Batting: LHB John Ennis
|
0-0: Swinging Strike 0-1: Foul Ball, location: 2F 0-2: Ball 1-2: Ball 2-2: Strikes out swinging
|
Batting: LHB Gabriel Díaz
|
0-0: Foul Ball, location: 2F 0-1: Foul Ball, location: 2F 0-2: Strikes out looking
|
Batting: RHB Darrell Terwey
|
0-0: Swinging Strike 0-1: Ball 1-1: Ball 2-1: Ball 3-1: Fly out, F7 (Line Drive, 78D)
|
Bottom of the 5th over - 0 run(s), 0 hit(s), 0 error(s), 0 left on base; Scranton 0 - Bloomington 0 |
TOP OF THE 6TH |
Scranton Supernovas batting - Pitching for Bloomington Longnecks : RHP Fernando Ramírez
|
Batting: LHB Tony Vega
|
0-0: Foul Ball, location: 2F 0-1: Ball 1-1: Foul Ball, location: 2F 1-2: Ball 2-2: Ball 3-2: SINGLE (Line Drive, 89M)
|
Batting: RHB Arturo Rochel
|
0-0: Ball 1-0: Ball 2-0: Fly out, F6 (Line Drive, 6)
|
Batting: SHB Alonso Solís
|
0-0: Foul Ball, location: 2F 0-1: Ball 1-1: Ball 2-1: Called Strike 2-2: Hit by Pitch Tony Vega to second
|
Batting: RHB Xavier Águila
|
0-0: Ball 1-0: Ground out 5-3 (Groundball, 2L) Tony Vega to third Alonso Solís to second
|
Batting: RHB Henrique Shearman
|
0-0: Called Strike 0-1: Foul Ball, location: 2F 0-2: Ball 1-2: Strikes out swinging
|
Top of the 6th over - 0 run(s), 1 hit(s), 0 error(s), 2 left on base; Scranton 0 - Bloomington 0 |
BOTTOM OF THE 6TH |
Bloomington Longnecks batting - Pitching for Scranton Supernovas : RHP Roberto Calderón
|
Batting: LHB Ray Anderson
|
0-0: Ground out 4-3 (Groundball, 4)
|
Batting: RHB Micheal Murdoch
|
0-0: Ground out 6-3 (Groundball, 6M)
|
Batting: RHB Aurelio Vázquez
|
0-0: Ball 1-0: Fly out, F7 (Flyball, 7LM)
|
Bottom of the 6th over - 0 run(s), 0 hit(s), 0 error(s), 0 left on base; Scranton 0 - Bloomington 0 |
TOP OF THE 7TH |
Scranton Supernovas batting - Pitching for Bloomington Longnecks : RHP Fernando Ramírez
|
Pinch Hitting: RHB Martín Álvarez
|
0-0: Ground out 4-3 (Groundball, 4)
|
Batting: RHB Marty Hayden
|
0-0: Swinging Strike 0-1: Foul Ball, location: 2F 0-2: Foul Ball, location: 2F 0-2: Foul Ball, location: 2F 0-2: Ball 1-2: Ball 2-2: Fly out, F7 (Flyball, 7D)
|
Batting: RHB Arturo Maldonado
|
0-0: Ball 1-0: Called Strike 1-1: Called Strike 1-2: Ball 2-2: Ball 3-2: Base on Balls
|
Batting: RHB Pedro Rivera
|
0-0: Fly out, F9 (Flyball, 9)
|
Top of the 7th over - 0 run(s), 0 hit(s), 0 error(s), 1 left on base; Scranton 0 - Bloomington 0 |
BOTTOM OF THE 7TH |
Bloomington Longnecks batting - Pitching for Scranton Supernovas : RHP Roberto Calderón
|
Now in LF: Martín Álvarez
|
|
Batting: RHB Roberto Alonzo
|
0-0: Called Strike 0-1: Ball 1-1: Swinging Strike 1-2: Strikes out swinging
|
Pinch Hitting: SHB Jared Jefferson
|
0-0: Called Strike 0-1: Foul Ball, location: 2F 0-2: Ball 1-2: Strikes out swinging
|
Batting: RHB Grady Walkinshaw
|
0-0: Called Strike 0-1: Ball 1-1: Swinging Strike 1-2: Foul Ball, location: 2F 1-2: Ball 2-2: Fly out, F7 (Line Drive, 7)
|
Bottom of the 7th over - 0 run(s), 0 hit(s), 0 error(s), 0 left on base; Scranton 0 - Bloomington 0 |
TOP OF THE 8TH |
Scranton Supernovas batting - Pitching for Bloomington Longnecks : RHP Fernando Ramírez
|
Now at 2B: Albert Santos
|
|
Batting: LHB Tony Vega
|
0-0: Ball 1-0: Ball 2-0: Foul Ball, location: 2F 2-1: Foul Ball, location: 2F 2-2: Fly out, F7 (Flyball, 7LS)
|
Batting: RHB Arturo Rochel
|
0-0: Called Strike 0-1: Swinging Strike 0-2: Ball 1-2: Hit by Pitch
|
Pitching: LHP Carl Dyess
|
|
Pinch Runner at 1st Jim Unknown:
|
|
Batting: SHB Alonso Solís
|
0-0: Called Strike 0-1: Ball 1-1: Ball 2-1: Swinging Strike 2-2: Fielders Choice at 2nd, 4-6 (Groundball, 4)
|
Batting: RHB Xavier Águila
|
0-0: Ball Wild Pitch! Alonso Solís to second 1-0: Ball 2-0: Called Strike 2-1: Fly out, F9 (Flyball, 89M)
|
Top of the 8th over - 0 run(s), 0 hit(s), 0 error(s), 1 left on base; Scranton 0 - Bloomington 0 |
BOTTOM OF THE 8TH |
Bloomington Longnecks batting - Pitching for Scranton Supernovas : RHP Roberto Calderón
|
Pinch Hitting: RHB Ethan Miller
|
0-0: Fly out, F8 (Flyball, 8LD)
|
Batting: LHB Gabriel Díaz
|
0-0: SINGLE (Groundball, 6MD)
|
Batting: RHB Darrell Terwey
|
0-0: Ball 1-0: Foul Ball, location: 2F 1-1: Ball 2-1: Fielders Choice at 2nd, 6-4 (Groundball, 6)
|
Pitching: RHP Cor Snel
|
|
Batting: LHB Ray Anderson
|
0-0: Called Strike 0-1: Ball 1-1: Foul Ball, location: 2F 1-2: Strikes out swinging
|
Bottom of the 8th over - 0 run(s), 1 hit(s), 0 error(s), 1 left on base; Scranton 0 - Bloomington 0 |
TOP OF THE 9TH |
Scranton Supernovas batting - Pitching for Bloomington Longnecks : LHP Carl Dyess
|
Pitching: RHP Henry Hart
|
|
Now in RF: Sergio Cortéz
|
|
Pinch Hitting: LHB Francisco Ortega
|
0-0: Ball 1-0: Called Strike 1-1: Fly out, F4 (Line Drive, 34)
|
Batting: RHB Martín Álvarez
|
0-0: Foul Ball, location: 2F 0-1: Called Strike 0-2: Strikes out looking
|
Pinch Hitting: LHB Phillip Tinker
|
0-0: Ball 1-0: Called Strike 1-1: Fly out, F7 (Flyball, 78D)
|
Top of the 9th over - 0 run(s), 0 hit(s), 0 error(s), 0 left on base; Scranton 0 - Bloomington 0 |
BOTTOM OF THE 9TH |
Bloomington Longnecks batting - Pitching for Scranton Supernovas : RHP Cor Snel
|
Pitching: RHP Bill Maddox
|
|
Now at C: Brad Jacobson
|
|
Now at SS: Chris Henderson
|
|
Batting: RHB Micheal Murdoch
|
0-0: Called Strike 0-1: SINGLE (Line Drive, 6D)
|
Batting: RHB Aurelio Vázquez
|
0-0: Foul Ball, location: 2F 0-1: Ball 1-1: Called Strike 1-2: Ball 2-2: Strikes out swinging
|
Pinch Hitting: RHB José López
|
0-0: Ball 1-0: Fly out, F8 (Line Drive, 8LD)
|
Batting: SHB Albert Santos
|
0-0: Called Strike 0-1: Ball 1-1: Reached on error, E3 (Groundball, 34S) Micheal Murdoch to second
|
Pinch Runner at 2nd Javier De Jesús:
|
|
Batting: RHB Grady Walkinshaw
|
0-0: Swinging Strike 0-1: Ball 1-1: SINGLE (Line Drive, 7LM) Javier De Jesús to third Albert Santos to second Runner from 3rd tries for Home, SAFE, no throw
|
Friday, December 30th, 2016 - OOTP Baseball 17.12 Build 75
|
|